 Dungeon Crawl Stone Soup version 0.21-a0-414-gba8bdf1 (webtiles) character file.

850 zero the Chopper (level 8, -10/49 HPs)
             Began as a Gargoyle Berserker on Nov 2, 2017.
             Was a Believer of Trog.
             Hit by a large rock thrown by a cyclops (27 damage)
             ... on level 11 of the Dungeon.
             The game lasted 00:04:26 (2623 turns).

zero the Chopper (Gargoyle Berserker)               Turns: 2623, Time: 00:04:27

Health: -10/49     AC: 11    Str: 24    XL:     8   Next: 1%
Magic:  8/8        EV: 11    Int:  7    God:    Trog [**....]
Gold:   132        SH:  0    Dex:  9    Spells: 7/7 levels left

rFire    . . .     SeeInvis .   a - +0 hand axe
rCold    . . .     Gourm    .   (no shield)
rNeg     + . .     Faith    .   i - +0 ring mail
rPois    ∞         Spirit   .   (no helmet)
rElec    +         Reflect  .   (no cloak)
rCorr    .         Harm     .   (no gloves)
MR       ++...                  (no boots)
Stlth    ..........             (no amulet)
HPRegen  1.16/turn              (no ring)
MPRegen  0.11/turn              (no ring)

@: regenerating
A: negative energy resistance 1, electricity resistance, unbreathing,
petrification resistance, rot immunity, AC +5
a: Berserk, Trog's Hand, Burn Spellbooks, Renounce Religion


You were on level 11 of the Dungeon.
You worshipped Trog.
Trog was pleased with you.
You were not hungry.

You visited 1 branch of the dungeon, and saw 11 of its levels.

You collected 132 gold pieces.

Inventory:

Hand Weapons
 a - a +0 hand axe (weapon)
Armour
 i - a +0 ring mail (worn)
Scrolls
 e - 4 scrolls of identify {unknown}
 f - 5 scrolls of remove curse {unknown}
 h - a scroll of enchant weapon {unknown}
 j - a scroll of fear {unknown}
 l - a scroll of recharging {unknown}
 m - a scroll of enchant armour {unknown}
Potions
 d - a potion of flight {unknown}
 g - a potion of curing {unknown}
 k - a potion of heal wounds {unknown}
 n - a potion of resistance {unknown}
Comestibles
 c - 2 bread rations
 o - a meat ration


   Skills:
 + Level 5.2 Fighting
 * Level 6.9 Axes
 + Level 4.5 Armour
 - Level 1.5 Dodging


You had 7 spell levels left.
You didn't know any spells.

Dungeon Overview and Level Annotations

Branches:
Dungeon (11/15)            Temple (0/1) D:6
   Lair: D:8-11         Orc: D:9-12

Altars:


Innate Abilities, Weirdness & Mutations

You are resistant to torment.
Your stone body is resilient. (AC +5)
You are immune to poison.
You resist negative energy. (rN+)
You are resistant to electric shocks. (rElec)
You can survive without breathing.
You are immune to petrification.
You are immune to rotting.


Message History

You feel yourself speed up.
No target in view!
A cyclops comes into view.
The cyclops throws a large rock.
The large rock barely misses you.
The cyclops throws a large rock.
The large rock hits you!!!
Ouch! That really hurt!
* * * LOW HITPOINT WARNING * * *
Things that are here:
a large rock; 7 gold pieces A cyclops is nearby!
Your skin crawls.
You feel resistant to hostile enchantments.
You feel somewhat more hungry.
You feel the effects of Trog's Hand fading.
Okay, then.
You aren't carrying any items that you can evoke.
You recover from your berserk rage.
The cyclops throws a large rock.
The large rock hits you!!
Ouch! That really hurt!
You die...

.#....#
.#...####+######+#
##...#...........#...#
.#...#...........#...#
.#...#...........#...#
.'...#...........#.C.#
.#...#...........#...#
.#...#...........#...#
.###########....@#...#
.#......<..#.....#(..#
.#...............C...#
.#...................#
##...............(...#
.#...................#
.#...................#
.###'###########+#####
.#....#


You could see a cyclops.

Vanquished Creatures
  A gargoyle (D:10)
  A hungry ghost (D:11)
  A big kobold (D:10)
  A bullfrog (D:11)
  A killer bee (D:10)
  A centaur zombie (D:11)
  A centaur skeleton (D:4)
  A hound (D:10)
  A jelly (D:10)
  A worker ant (D:7)
  An iguana (D:11)
  Robin (D:4)
  A shadow imp (D:6)
  A worm (D:3)
  A dart slug (D:3)
  2 leopard geckos (D:3)
  A giant cockroach (D:4)
  3 hobgoblins
  4 jackals (D:10)
  7 kobolds
  A quokka (D:2)
  A ball python (D:6)
  3 bats
  2 frilled lizards
  7 goblins (D:4)
  3 rats
49 creatures vanquished.

Notes
Turn   | Place    | Note
-------+----------+-------------------------------------------
     0 | D:1      | zero the Gargoyle Berserker began the quest for the Orb.
     0 | D:1      | Reached XP level 1. HP: 14/14 MP: 1/1
   372 | D:3      | Reached skill level 3 in Axes
   373 | D:3      | Reached XP level 2. HP: 19/19 MP: 2/2
   785 | D:4      | Noticed Robin
   808 | D:4      | Reached XP level 3. HP: 23/23 MP: 3/3
   833 | D:4      | Killed Robin
   833 | D:4      | Reached skill level 4 in Axes
  1172 | D:4      | Reached XP level 4. HP: 21/28 MP: 4/4
  1261 | D:5      | Entered Level 5 of the Dungeon
  1356 | D:6      | Found a staircase to the Ecumenical Temple.
  1557 | D:10     | Entered Level 10 of the Dungeon
  1564 | D:10     | Reached skill level 5 in Axes
  1564 | D:10     | Reached XP level 5. HP: 29/32 MP: 5/5
  1569 | D:10     | Reached ** piety under Trog
  1648 | D:10     | Noticed a big kobold
  1664 | D:10     | Killed a big kobold
  1664 | D:10     | Reached XP level 6. HP: 6/38 MP: 6/6
  1869 | D:10     | Noticed a gargoyle
  1888 | D:10     | Killed a gargoyle
  1888 | D:10     | Reached skill level 6 in Axes
  1888 | D:10     | Reached XP level 7. HP: 17/44 MP: 7/7
  2562 | D:11     | Noticed a hungry ghost
  2574 | D:11     | Killed a hungry ghost
  2574 | D:11     | Reached skill level 5 in Fighting
  2574 | D:11     | Reached XP level 8. HP: 49/49 MP: 8/8
  2613 | D:11     | Noticed a cyclops
  2623 | D:11     | Hit by a large rock thrown by a cyclops

Vault maps used:
D:1:      dpeg_arrival_arbitrary_b
D:2:      nicolae_ru_the_path_less_chosen, serial_curves, eino_curves_03,
          eino_curves_04, uniq_sigmund, uniq_terence, uniq_natasha
D:3:      nicolae_qazlal_eye_of_the_storm, first_bread
D:4:      lemuel_doored_altar, yredelemnul_altar_generic, uniq_robin
D:5:      serial_shops, nicolae_shop_behind_doors, shop,
          nicolae_shop_statue_plus, shop,
          nicolae_shop_temple_entry_statues_fountains
D:6:      black_bear_nest_2, temple_green
D:7:      kennysheep_mini, evilmike_ruin_ashenzari, kennysheep_dice
D:8:      nicolae_overflow_crystal_walls, minivault_29
D:9:      chequers_temple_overflow_statue_of_worship, zombieorc1_lemuel,
          grunt_livestock, dk_vineyard_1, uniq_psyche
D:10:     serial_shops, nicolae_shop_window_shopping, uniq_sonja
D:11:     lair_entry_dummy, nrook_pool_corridor

Skill      XL: |  1  2  3  4  5  6  7 |
---------------+----------------------+-----
Axes           | 3 4 5 6 |  6.9
Fighting       | 4 5 |  5.2
Armour         | 3 4 |  4.5
Dodging        | |  1.5

Action                   |  1- 3 |  4- 6 |  7- 9 || total
-------------------------+-------+-------+-------++-------
Melee: Hand axe          |    97 |    58 |    48 ||   203
Invok: Berserk           |     2 |     3 |     1 ||     6
       Trog's Hand       |       |     1 |     1 ||     2
  Eat: Chunk             |     2 |     4 |     1 ||     7
       Fruit             |       |     1 |     5 ||     6
       Bread ration      |       |       |     1 ||     1
Armor: Animal skin       |     9 |       |       ||     9
       Ring mail         |    35 |    25 |    29 ||    89
Dodge: Dodged            |    71 |    35 |    29 ||   135

Table legend:
 A = Spawn XP
 B = Non-spawn XP
 C = Spawn XP percentage of total XP
 D = Spawn monster count
 E = Non-spawn monster count
 F = Spawn count percentage of total count
 G = Total turns spent on level
                    A         B        C        D         E        F      G
               +---------+---------+-------+---------+---------+-------+---------
         Total |       0 |    1215 |   0.0 |       0 |      49 |   0.0 |  2623
               +---------+---------+-------+---------+---------+-------+---------
           D:1 |       0 |       3 |   0.0 |       0 |       3 |   0.0 |    42
           D:2 |       0 |       2 |   0.0 |       0 |       1 |   0.0 |   326
           D:3 |       0 |      27 |   0.0 |       0 |      12 |   0.0 |   399
           D:4 |       0 |      74 |   0.0 |       0 |      12 |   0.0 |   494
           D:6 |       0 |      12 |   0.0 |       0 |       2 |   0.0 |   206
           D:7 |       0 |      37 |   0.0 |       0 |       1 |   0.0 |    56
          D:10 |       0 |     704 |   0.0 |       0 |      14 |   0.0 |   608
          D:11 |       0 |     356 |   0.0 |       0 |       4 |   0.0 |   458
               +---------+---------+-------+---------+---------+-------+---------
